[Event "1st FIDE Olympiad DIS 2023"]
[Site "Belgrade"]
[Date "2023.01.30"]
[Round "1.17"]
[White "Mikheev, Stanislav"]
[Black "Soltanov, Serik"]
[Result "1-0"]
[ECO "D45"]
[WhiteElo "2300"]
[BlackElo "2266"]
[Annotator "TA"]
[PlyCount "71"]
[EventDate "2023.01.30"]
[EventType "team-tourn"]
[EventCountry "SRB"]
[SourceTitle "playchess.com"]
[Source "ChessBase"]
[SourceQuality "1"]
[WhiteTeam "IPCA"]
[BlackTeam "Kazakhstan"]
[WhiteTeamCountry "SRB"]
[BlackTeamCountry "KAZ"]
[TimeControl "40/5400+30:1800+30"]

1. c4 c6 2. Nf3 d5 3. d4 Nf6 4. Nc3 e6 5. e3 Nbd7 6. Qc2 Bd6 7. b3 O-O 8. Be2 Qe7 9. O-O dxc4 10. bxc4 e5 11. Rd1 Re8 12. Rb1 exd4 {[%emt 0:18:44] D45: Semi-Slav: 5 e3.} 13. exd4 {[%emt 0:00:40] [#]} h6 $146 ({Predecessor:} 13... Nf8 14. h3 h6 15. Bf1 Qc7 16. c5 Be7 17. Ne5 Bxc5 18. Nxf7 Qxf7 19. dxc5 Be6 20. Rb4 {½-½ Prusikin,M (2560)-Huzman,A (2585) EU-Cup 22nd Fuegen 2006 (5.1)}) 14. Re1 Nf8 {[%emt 0:09:12] White is slightly better.} 15. c5 ({White should try} 15. Bd3 $16 Qd8 16. Rxe8 Qxe8 17. Bd2) 15... Bc7 $11 16. Bc4 Be6 17. Ba3 (17. Bd3 $11) 17... Qd7 $15 18. Qb3 Bxc4 19. Qxc4 Rxe1+ 20. Rxe1 Re8 21. Rxe8 Qxe8 22. g3 Ng6 23. Kg2 Ne4 (23... Qd7 {looks sharper.} 24. h3 h5 25. Bc1 h4) 24. Qe2 Nf6 25. Qxe8+ Nxe8 26. d5 cxd5 27. Nxd5 f6 28. Nd4 $1 Ne5 29. f4 {[%emt 0:04:44] White is more active.} Nc4 30. Bb4 Kf7 31. Kf3 Bd8 (31... g6 $142) 32. Ke4 $16 Nc7 {[%emt 0:01:48] [#]} (32... g6 $16) 33. Nxc7 $1 $18 {[%emt 0:03:14] White is clearly better.} Bxc7 34. Nb5 Bb8 35. Kd4 Nb2 {[%emt 0:00:46] [#]} 36. Nc3 {[%emt 0:00:24] Weighted Error Value: White=0.11 (very precise) /Black=0.14 (very precise)} (36. Kd5 $1 $18 {is the precise move to win.}) 1-0

[Event "1st FIDE Olympiad DIS 2023"]
[Site "Belgrade"]
[Date "2023.01.30"]
[Round "1.18"]
[White "Deniz, Ugur"]
[Black "Mate, Balazs"]
[Result "0-1"]
[ECO "B30"]
[WhiteElo "1946"]
[BlackElo "2015"]
[Annotator "TA"]
[PlyCount "92"]
[EventDate "2023.01.30"]
[EventType "team-tourn"]
[EventCountry "SRB"]
[SourceTitle "playchess.com"]
[Source "ChessBase"]
[SourceQuality "1"]
[WhiteTeam "Turkey"]
[BlackTeam "Hungary"]
[WhiteTeamCountry "TUR"]
[BlackTeamCountry "HUN"]
[TimeControl "40/5400+30:1800+30"]

1. e4 c5 2. Nf3 Nc6 3. Bb5 e6 4. Bxc6 bxc6 5. O-O Ne7 6. b3 Ng6 7. Bb2 f6 8. d3 Be7 9. e5 O-O 10. Nbd2 fxe5 {[%emt 0:02:32] B30: Sicilian: 2...Nc6 3 Bb5, lines without ...g6.} 11. Nxe5 Nxe5 12. Bxe5 d6 {[%emt 0:00:27] The position is equal.} 13. Bg3 e5 14. Qe2 Bg5 15. Nc4 {[%emt 0:03:26] [#]} Be6 $146 ({Predecessor:} 15... Bf4 16. Rae1 Be6 17. Bxf4 Rxf4 18. Nxe5 dxe5 19. Qxe5 Rf6 20. Qxc5 Rg6 21. f3 Qb6 22. Qe3 Bh3 23. Rf2 Bxg2 24. Rxg2 Re8 {0-1 Morin,A (2099)-Lapin,P (2198) Krasnoyarsk Marchko Memorial 2016 (3)}) 16. Rae1 (16. f4 $5 Bxc4 17. fxg5 $11) 16... Qd7 {[%emt 0:06:28] [#]} 17. Nxe5 dxe5 $17 18. Qxe5 Bf5 19. Qxc5 Rfe8 20. Be5 Be7 {[%emt 0:01:40] A strong pair of Bishops.} 21. Qc3 Bf8 ({Better is} 21... a5 {Threatens to win with ...Bb4.} 22. Re3 (22. Bxg7 $2 Bb4 $17) 22... Bb4 23. Qc4+ Qd5) 22. Re2 Bd6 ({Black should try} 22... Bg6 $17 23. Rfe1 a5 24. Qc4+ Qd5 25. Qxd5+ cxd5) 23. Rfe1 $15 Bxe5 24. Rxe5 Rxe5 25. Rxe5 Re8 26. f4 Rxe5 27. Qxe5 h5 28. Kf2 Bg6 29. h3 Qd8 30. f5 Bf7 31. g4 hxg4 32. hxg4 Qh4+ 33. Qg3 Qg5 {[%emt 0:02:01] [#] And now ...Qd2+ would win.} 34. Qb8+ Kh7 35. Qh2+ Kg8 (35... Qh6 $1 $15 36. Qxh6+ Kxh6) 36. Qb8+ $11 Kh7 37. Qxa7 (37. Qh2+ $11 Qh6 38. Qe5) 37... Qf4+ $1 $15 38. Ke1 ({White should play} 38. Ke2 $1 $15 Qxg4+ 39. Kd2 Qxf5 40. a4) 38... Qc1+ $17 39. Ke2 Qxc2+ 40. Ke3 Qc1+ 41. Ke2 Bd5 42. Qe3 $2 {[%emt 0:00:54] White does not recover from this.} (42. Qf2 $17) 42... Qb2+ $19 43. Ke1 Qa1+ (43... Qxa2 $2 {perishes.} 44. g5 Qa8 45. Kf2 $19) 44. Kf2 Qxa2+ 45. Qe2 $2 (45. Ke1) 45... Qxe2+ 46. Kxe2 Kh6 {[%emt 0:00:00] Weighted Error Value: White=0.41/Black=0.13 (very precise)} 0-1

[Event "1st FIDE Olympiad DIS 2023"]
[Site "Belgrade"]
[Date "2023.01.30"]
[Round "1.19"]
[White "Campos, Eugenio"]
[Black "Kozhabekov, Adilkhan"]
[Result "1-0"]
[ECO "D58"]
[WhiteElo "2227"]
[BlackElo "1939"]
[Annotator "TA"]
[PlyCount "121"]
[EventDate "2023.01.30"]
[EventType "team-tourn"]
[EventCountry "SRB"]
[SourceTitle "playchess.com"]
[Source "ChessBase"]
[SourceQuality "1"]
[WhiteTeam "IPCA"]
[BlackTeam "Kazakhstan"]
[WhiteTeamCountry "ANG"]
[BlackTeamCountry "KAZ"]
[TimeControl "40/5400+30:1800+30"]

1. d4 Nf6 2. c4 e6 3. Nf3 d5 4. Nc3 Be7 5. Bg5 O-O 6. e3 h6 7. Bh4 b6 8. Bd3 Bb7 9. O-O Nbd7 10. Qe2 Ne4 11. Bxe7 Qxe7 12. cxd5 exd5 13. Ba6 {[%emt 0:04:42] D58: Queen's Gambit Declined: Tartakower Defence.} Nxc3 14. bxc3 Bxa6 15. Qxa6 {[%emt 0:00:08] The position is equal.} Nf6 {[%emt 0:01:59] [#]} 16. c4 $146 ({Predecessor:} 16. a4 Ne4 17. Qd3 Nd6 18. Ne5 c5 19. dxc5 Qxe5 20. cxd6 Rac8 21. Rfd1 Qxd6 22. c4 {1-0 Lima,V-Pires,T (1813) Paulista-ch Itapetininga 2009 (5.2)}) 16... c5 17. Rfc1 Rfc8 18. Rab1 Qe6 19. dxc5 (19. cxd5 {seems wilder.} Qf5 20. dxc5 Rxc5 21. Nd4) 19... Rxc5 20. cxd5 $1 Rxc1+ 21. Rxc1 Qxd5 22. h3 Ne4 23. a4 Nc5 24. Qb5 Qa2 {[%emt 0:00:43] [#]} (24... Qb3 {simplifies} 25. Qxb3 Nxb3 26. Rc3 Nc5) 25. a5 $1 Nb3 (25... Qxa5 $2 26. Qxa5 bxa5 27. Rxc5 $18) (25... Qa3 26. Rc2) 26. Qd5 (26. Rc7 $5 Nc5 27. Nd4 $14 (27. axb6 axb6 28. Qc6 Rf8 $14)) 26... Nxc1 27. Qxa8+ $11 {[%emt 0:01:19][%mdl 4096] Endgame KQN-KQN} Kh7 28. axb6 axb6 29. Qc6 Qb1 (29... Ne2+ {is interesting.} 30. Kf1 Qb2 31. Qe4+ Kg8) 30. Kh2 Ne2 (30... Nd3 $1 $11) 31. Qc4 $1 $16 Qd1 32. Qxf7 Qd6+ 33. g3 {[%emt 0:00:49] Strongly threatening Qb3.} Nc3 34. Nd4 Qf6 {[%emt 0:01:07] Prevents Ne6.} 35. Qxf6 gxf6 {[%emt 0:00:01] KN-KN} 36. Kg2 Kg6 37. Kf1 ({Better is} 37. Kf3 $18) 37... Kf7 {[%emt 0:01:02] [#]} (37... Ne4 $16 38. Ke2 h5) 38. Ke1 (38. f3 $1 $18) 38... h5 {[%emt 0:00:10] This move loses the game for Black.} (38... Ne4 $16 39. Kf1 Kg6) 39. f3 $18 Nd5 40. Kd2 Kg6 (40... Ne7 {was necessary.} 41. Kd3 Ng6) 41. h4 f5 $2 {[%emt 0:30:26] [#]} (41... Nc7 42. Kc3 Na6) 42. Nxf5 $1 {[%emt 0:00:42][%mdl 576] Remove Defender, Decoy} Nc7 (42... b5 43. e4) 43. Nd4 Ne8 44. e4 Nd6 45. Kd3 Nf7 46. f4 {[%emt 0:00:44][%cal Bf3f4,Bf4f5][%mdl 32] Intending e5 and mate.} Nh6 47. e5 {[%emt 0:00:24] White threatens Ke4 and mate.} Ng4 48. f5+ Kf7 49. Ke4 Nf2+ 50. Kd5 Nd1 51. Kd6 {[%emt 0:00:24] e6+ would kill now.} Nc3 52. Kd7 Ne4 53. e6+ Kg7 54. e7 {[%emt 0:00:39] White mates.} Nf6+ 55. Kd8 Kf7 56. Nb5 Ne8 57. Nc3 Ng7 58. Ne4 b5 59. Nd6+ Kf6 60. Ne8+ Nxe8 61. Kxe8 {[%emt 0:00:02] Weighted Error Value: White=0.09 (flawless) /Black=0.41} 1-0

[Event "1st FIDE Olympiad DIS 2023"]
[Site "Belgrade"]
[Date "2023.01.30"]
[Round "1.19"]
[White "Paal-Szucs, Attila"]
[Black "Donmez, Unal"]
[Result "1-0"]
[ECO "C61"]
[WhiteElo "2141"]
[BlackElo "1816"]
[Annotator "TA"]
[PlyCount "61"]
[EventDate "2023.01.30"]
[EventType "team-tourn"]
[EventCountry "SRB"]
[SourceTitle "playchess.com"]
[Source "ChessBase"]
[SourceQuality "1"]
[WhiteTeam "Hungary"]
[BlackTeam "Turkey"]
[WhiteTeamCountry "HUN"]
[BlackTeamCountry "TUR"]
[TimeControl "40/5400+30:1800+30"]

1. e4 e5 2. Nf3 Nc6 3. Bb5 Nd4 4. Nxd4 exd4 5. O-O c6 6. Ba4 Ne7 {[%emt 0:02:40] C61: Ruy Lopez: Bird's Defence.} 7. d3 d5 8. f4 ({White should try} 8. c3 $16) 8... g6 {[%emt 0:09:19] The position is equal.} 9. Nd2 Bg7 {[%emt 0:03:01] [#]} 10. Nf3 $146 ({Predecessor:} 10. f5 gxf5 11. Qh5 dxe4 12. Nxe4 Be6 13. Ng5 Bd5 14. Bb3 Bxb3 15. axb3 Qd5 16. Bd2 {1-0 Hegedus,R (1938)-Bona,Z (1838) SVK-chT1W 2122 2021 (5.7)}) 10... Bg4 11. h3 Be6 12. Ng5 {[%emt 0:05:00][%cal Of4f5] Black must now prevent f5!} Bd7 {[%emt 0:06:24] [#]} (12... Qd7 $14) 13. Bd2 {[%emt 0:09:00] White is more active.} (13. f5 $1 $16 f6 14. exd5) 13... O-O 14. Bb3 h6 15. Nf3 dxe4 16. dxe4 c5 17. a4 Qc7 (17... Qb6 $11) 18. Bc4 b6 19. Nh4 (19. Ne5 {seems wilder.} Bxe5 20. fxe5 Qxe5 21. Bxh6 Qxe4 22. Qf3) 19... Bf6 {[%emt 0:09:35] [#]} (19... Be6 $14 20. Bxe6 fxe6) 20. Qe1 (20. Nxg6 $1 $18 Nxg6 21. Qh5) 20... Bc6 21. f5 ({White should play} 21. e5 $14 Bxh4 22. Qxh4) 21... g5 (21... Kh7 $5 ) 22. Ng6 {[%emt 0:03:20] Inhibits Nc8.} (22. Qe2 {simplifies} Kh7 23. Nf3 Ng8 24. h4) 22... Rfe8 {[%emt 0:00:09] ...Nc8 is the strong threat.} 23. e5 Nxg6 $2 (23... Nd5 $11 {and Black has nothing to worry.} 24. Qd1 Bxe5 25. Nxe5 Qxe5) 24. fxg6 $18 Rxe5 25. Qg3 (25. gxf7+ Kg7 26. Qg3 (26. Qf2 Qe7 $16) 26... Re7 $16) 25... Qe7 {[%emt 0:03:03] [#]} (25... Qd6 $142 26. gxf7+ (26. Bxf7+ Kg7 $11) 26... Kf8) 26. Bf4 $1 {[%emt 0:05:22][%mdl 576] Back Rank, Promotion} Kh8 (26... gxf4 $2 {is a self mate.} 27. gxf7+ Kh8 28. Qg8+) (26... Rd8 27. Bxe5) 27. Bxe5 Bxe5 28. Rae1 f6 {[%emt 0:00:17] [#]} 29. Rxe5 $1 {[%emt 0:00:19][%mdl 512] White mates.} fxe5 {[%emt 0:23:14] Black is weak on the light squares} (29... Qg7 30. Re6) 30. Rf7 Re8 {[%emt 0:01:12] [#]} 31. Qxe5+ $3 {[%emt 0:00:30][%mdl 512] Beautiful play by Paal-Szucs!   Weighted Error Value: White=0.35/Black=0.82} 1-0

[Event "1st FIDE Olympiad DIS 2023"]
[Site "Belgrade"]
[Date "2023.01.30"]
[Round "1.20"]
[White "Saltik, Suleyman"]
[Black "Acs, Gabor"]
[Result "1-0"]
[ECO "C56"]
[WhiteElo "1687"]
[BlackElo "2101"]
[Annotator "TA"]
[PlyCount "57"]
[EventDate "2023.01.30"]
[EventType "team-tourn"]
[EventCountry "SRB"]
[SourceTitle "playchess.com"]
[Source "ChessBase"]
[SourceQuality "1"]
[WhiteTeam "Turkey"]
[BlackTeam "Hungary"]
[WhiteTeamCountry "TUR"]
[BlackTeamCountry "HUN"]
[TimeControl "40/5400+30:1800+30"]

1. e4 e5 2. Nf3 Nc6 3. d4 exd4 4. Bc4 Nf6 5. e5 d5 6. Bb5 Ne4 7. Nxd4 Bd7 8. Bxc6 bxc6 9. O-O Bc5 10. Be3 O-O 11. f3 {[%emt 0:03:22] 11.Nd2 is vanishing.} Ng5 {[%emt 0:00:24] [#]} 12. Qd3 $146 {[%emt 0:09:52] C56: Two Knights: 4 d4 exd4 5 0-0 Nxe4.} (12. f4 $11 {might be stronger.} Ne6 13. c3) ({Predecessor:} 12. Nc3 f6 13. exf6 Qxf6 14. Qd2 Nf7 15. Nb3 Bd6 16. f4 Nh6 17. Bd4 Bxf4 18. Bxf6 Bxd2 19. Nxd2 Rxf6 20. Rxf6 gxf6 {0-1 Jones,G (2702)-Bu,X (2729) Hengshui IMSA blitz 2019 (4)}) 12... Rb8 ({Black should play} 12... f6 $15 13. Bxg5 fxg5) 13. Nd2 (13. f4 $5 Ne4 14. Nd2 $11) 13... Bxd4 ({Much less strong is} 13... Rxb2 14. N2b3 Bb6 15. Qc3 Rxb3 16. Nxb3 $14 (16. axb3 c5 $11)) (13... f6 $5 ) 14. Bxd4 {[%emt 0:11:21] White is slightly better.} c5 15. Bxc5 $16 Bb5 {[%emt 0:00:13] Black is weak on the dark squares} 16. c4 dxc4 17. Qc3 {[%emt 0:00:43] White has more active pieces. The black rooks are badly placed.} Re8 18. Be3 Ne6 19. Bxa7 Nf4 {[%emt 0:06:48] [#] ...Ne2+ is the strong threat.} 20. Rfe1 {[%emt 0:14:43] Wards off Ne2+} Rb7 (20... Ra8 $11 {was preferrable.} 21. Be3 Nd3) 21. Bf2 (21. Be3 $5 Nd5 22. Qd4 $14) 21... Nd3 (21... Qd3 $1 $11 {remains equal.}) 22. Re4 Qd5 (22... c5 $16 {was necessary.}) 23. a4 $36 {[%emt 0:05:50][%mdl 2048] Black is under strong pressure.} ({Resist} 23. Nxc4 $6 Nxf2 24. Kxf2 Bxc4 25. Rxc4 Rxb2+ 26. Qxb2 Qxc4 $16) (23. Rd4 $18 Qxe5 24. a4) 23... Ba6 24. Rd4 Qxe5 {[%emt 0:01:28][%mdl 8192] [#] This move loses the game for Black.} (24... Qe6 $16) 25. Re4 $18 {[%emt 0:00:28] White is clearly winning.} Qxe4 26. Nxe4 Rxb2 27. Bd4 Reb8 28. h4 (28. Bxg7 $2 {perishes.} Rb1+ $19) 28... f5 29. Nd2 {[%emt 0:02:39] Weighted Error Value: White=0.21 (precise) /Black=0.35} 1-0

[Event "1st FIDE Olympiad DIS 2023"]
[Site "Belgrade"]
[Date "2023.01.30"]
[Round "1.21"]
[White "Morales Romero, Pedro"]
[Black "Nikac, Predrag"]
[Result "1/2-1/2"]
[ECO "C00"]
[WhiteElo "2339"]
[BlackElo "2285"]
[Annotator "TA"]
[PlyCount "153"]
[EventDate "2023.01.30"]
[EventType "team-tourn"]
[EventCountry "SRB"]
[SourceTitle "playchess.com"]
[Source "ChessBase"]
[SourceQuality "1"]
[WhiteTeam "Cuba"]
[BlackTeam "Montenegro"]
[WhiteTeamCountry "CUB"]
[BlackTeamCountry "MNE"]
[TimeControl "40/5400+30:1800+30"]

1. e4 c5 2. Nf3 e6 3. b4 cxb4 4. d4 d5 5. e5 Nc6 6. a3 bxa3 {[%emt 0:02:31] C00: French: Unusual White 2nd moves.} 7. Bxa3 Nge7 8. h4 Bd7 {[%emt 0:05:18][%cal Ob7b5] [#] Black is slightly better.} (8... Nf5 $5 ) 9. Bd3 $146 ({Predecessor:} 9. h5 h6 10. Bd3 Na5 11. Nbd2 Nec6 12. Bxf8 Kxf8 13. c3 b6 14. Nh4 {1-0 Zemtsov,I (2361)-Voitsekhovsky,S (2490) Nezhmetdinov Memorial 28th 2006 (5)}) 9... Na5 (9... b5 $5 ) 10. Nbd2 Rc8 11. Bb4 (11. Ng5 $5 Nac6 12. c3 $11 (12. Bxh7 Nxd4 13. O-O Bb5 $17)) 11... Nec6 12. Bxf8 Kxf8 13. Ng5 (13. c3 $11) 13... Nxd4 (13... h6 {simplifies} 14. Ngf3 Nb4 15. Nb1 a6) 14. Qh5 Be8 (14... Nxc2+ 15. Bxc2 Qe7 16. Rxa5 $16 (16. Nxh7+ Kg8 $16) (16. Bxh7 Nc6 $16)) 15. Nxh7+ Kg8 16. Qg4 $1 {[%emt 0:00:39] Nf6+ is the strong threat.} (16. Nf6+ gxf6 17. Qg4+ Kf8 18. Qxd4 Nc6 19. Qc5+ Qe7 20. Qxe7+ Kxe7 21. exf6+ Kxf6 $17) 16... Nxc2+ 17. Bxc2 Rxc2 18. Nf6+ Kf8 19. Nxe8 {[%emt 0:01:49][%mdl 64] Remove Defender} Kxe8 (19... Qxe8 20. Qb4+ (20. Rxa5 $2 Rc1+ {[%mdl 64] Skewer} 21. Ke2 Rxh1 $19) 20... Qe7 21. Qxa5 $16) 20. Qxg7 Rf8 (20... Rxh4 $2 21. Qg8+ Ke7 22. Qxd8+ (22. Rxh4 $2 Qxg8 23. Rxa5 Qxg2 $19) 22... Kxd8 23. Rxh4 $18) 21. h5 {[%emt 0:10:23] [#]} Rxd2 $2 22. h6 Qb6 23. O-O Rd4 24. g3 {[%emt 0:00:00] Wards off Rf4} Nc6 25. h7 {[%emt 0:00:00][%cal Og7f8][%mdl 1024] White has compensation.} Re4 26. Rab1 Qc7 (26... Qc5 $2 27. Rxb7 (27. h8=R Rb4 $11) (27. h8=Q Rxh8 28. Qxh8+ Qf8 $16) 27... Nd8 28. Rb8 $18 (28. h8=R Nxb7 29. Rb1 Rxh8 $19 {[%mdl 64] Remove Defender})) (26... Rb4 $11 27. Ra1 (27. h8=R Rxh8 28. Qxh8+ Kd7 $11) (27. Qxf8+ Kxf8 28. Rxb4 Qxb4 $11) 27... Qc5) 27. f4 (27. Qxf8+ $14 Kxf8 28. h8=Q+ (28. h8=R+ $2 Kg7 $19) 28... Ke7 29. Qf6+ (29. f4 Nd8 $11) 29... Ke8 30. Qh8+ Ke7 31. Qf6+ (31. f4 Nd8 $11) 31... Ke8 32. Qh8+ Ke7) 27... Nd4 $11 28. Rf2 $40 {[%emt 0:04:51][%mdl 128] White mounts an attack.} Re3 (28... Ne2+ $2 29. Kg2 $18) 29. Qxf8+ {[%emt 0:03:21][%mdl 64] Remove Defender} Kxf8 30. h8=Q+ (30. h8=R+ $2 Kg7 31. Rh5 Rxg3+ 32. Kh1 Qc3 $19) 30... Ke7 31. Qf6+ Ke8 32. Kh2 a5 (32... Rc3 $11) 33. Qh8+ $1 $16 (33. Qg7 $6 Rc3 $11) 33... Ke7 $2 {[%emt 0:00:23] [#]} (33... Kd7 $16) 34. f5 $1 $18 Nxf5 (34... exf5 $2 35. Qh4+ Ke8 36. Qxd4 Qxe5 37. Qxe5+ Rxe5 38. Rxb7 $18) (34... Qxe5 35. Rxb7+) 35. g4 Rxe5 36. Kg1 (36. gxf5 $2 Rxf5+ 37. Kg2 Rxf2+ 38. Kxf2 Qc2+ 39. Kf3 Qxb1 $19) ({White should try} 36. Kg2 $18) 36... Re4 $16 37. gxf5 Qg3+ 38. Rg2 Qe3+ (38... Re1+ $16 {is a better defense.} 39. Rxe1 Qxe1+ 40. Kh2 Qe4) 39. Kh1 $18 b5 (39... b6 {might work better.}) 40. Qh2 $2 (40. Rxb5 $2 Qe1+ 41. Kh2 Rh4+ $19) (40. fxe6 $18 Rxe6 41. Qh4+ (41. Rxb5 $2 Qc1+ 42. Rg1 Rh6+ $19) 41... f6 42. Rxb5 (42. Rg7+ Kd6 $16)) 40... Rf4 $11 {[%emt 0:01:12] White must now prevent ...Qe4.} 41. Qg3 (41. Rxb5 $2 Qe1+ 42. Qg1 (42. Rg1 $2 Qe4+ 43. Rg2 Rf1+ $19) 42... Rf1 43. Rb7+ Kd6 44. fxe6 (44. Rb6+ $2 Kc7 $19) 44... Rxg1+ 45. Rxg1 Qh4+ 46. Kg2 fxe6 47. Rb6+ Kc5 $19) 41... Qe4 (41... Qxg3 42. Rxg3 b4 43. Ra1 $16) 42. Re1 (42. Rxb5 $2 Rh4+ 43. Kg1 Qd4+ 44. Rf2 Qd1+ 45. Rf1 Rh1+ 46. Kxh1 Qxf1+ 47. Kh2 Qxb5 $19) 42... Qxf5 43. Qa3+ b4 44. Qe3 {[%emt 0:02:29] Active counter play!} d4 45. Qc1 {[%emt 0:00:42] Threatening mate with Qc7+.} Kd6 {[%emt 0:01:22] Dodges Qc7+} 46. Qc4 Qc5 47. Qa6+ Ke7 48. Qb7+ Kf6 49. Qb8 Rh4+ 50. Kg1 {[%emt 0:00:06] Qd8+ would kill now.} d3+ 51. Rf2+ Ke7 52. Qb7+ (52. Re5 Qc1+) 52... Kd6 $1 53. Qb8+ Ke7 54. Qb7+ (54. Re5 Qc1+) 54... Kd6 $1 55. Qa6+ Ke7 56. Qxd3 {[%emt 0:00:37] Threatens to win with Qf3.} Rf4 {[%emt 0:01:37] Repels Qf3} 57. Ref1 a4 58. Qg3 {[%emt 0:00:22] Wards off f5} Rf5 {[%emt 0:00:16] Hoping for ...Rg5.} 59. Qh4+ Ke8 $2 (59... f6 $11 {and Black has nothing to worry.} 60. Qh7+ Kf8 61. Qh6+ Kf7 62. Qh7+ Kf8 63. Qh8+ Kf7 64. Qh7+ Kf8) 60. Qh8+ $2 (60. Rd1 $1 $18 Rg5+ 61. Kh2 (61. Kf1 Qb5+ 62. Re2 Qf5+ 63. Rf2 Qb5+ 64. Re2 Qf5+ 65. Rf2 Qb5+ $11) 61... Qc7+ 62. Qf4 Rh5+ 63. Kg2 Qb7+ 64. Kg3 (64. Qf3 Qxf3+ 65. Rxf3 b3 $11)) 60... Ke7 {[%emt 0:00:10] ...Rg5+ would be deadly.} 61. Qh4+ Ke8 $2 (61... Kd7 $11 62. Rd1+ Kc6 63. Qe4+ Kc7) 62. Rd1 $1 $18 Rg5+ 63. Kh2 ({Stronger than} 63. Kf1 Qb5+ 64. Re2 Qf5+ 65. Rf2 Qb5+ 66. Re2 Qf5+ 67. Rf2 Qb5+ $11) 63... Qc7+ (63... Rh5 $2 64. Rd8#) 64. Kh1 {[%emt 0:00:08] Intending Qh8+ and mate.} Qc6+ 65. Kh2 {[%emt 0:00:08] White threatens Qh8+ and mate. The board is on fire.} Qc7+ {[%emt 0:00:14] [#]} 66. Qf4 $1 Rh5+ 67. Kg3 Qc3+ 68. Rf3 Qg7+ 69. Kf2 {[%emt 0:00:07] White wants to mate with Qb8+.} Qb2+ 70. Rd2 (70. Kg1 $142 Qg7+ 71. Rg3) 70... Rh2+ 71. Kg3 $1 Rxd2 (71... Qxd2 72. Qxf7+ Kd8 73. Qf8+ Kd7 74. Rf7+ Kc6 75. Qc8+ Kd6 76. Qc7+ Kd5 77. Rd7+ Ke4 78. Qc4+ Kf5 79. Qg4+ Kf6 80. Qg7+ Kf5 81. Rxd2) 72. Qxf7+ {[%emt 0:00:06] KQR-KQR} Kd8 73. Qf8+ Kd7 74. Rf7+ Kc6 {[%emt 0:00:12] [#]} 75. Qc8+ $2 (75. Qe8+ $1 $18 Kc5 76. Rc7+ Kd4 77. Qd8+ Ke3 78. Qg5+ Ke4 79. Qf4+ Kd5 80. Rd7+ {[%mdl 64] Skewer} Kc5 81. Rxd2 (81. Qxd2 $2 {too greedy.} Qxd2 82. Rxd2 b3 $19) 81... Qc3+ 82. Kg2) 75... Kd5 $1 $11 {[%emt 0:01:04] ( -> ...Qe5+)} 76. Rd7+ Ke4 (76... Ke5 $2 77. Qc7+ Kf6 78. Qf4+ Kg6 79. Rxd2 (79. Qxd2 Qxd2 80. Rxd2 a3 $18) 79... Qc3+ 80. Kh2 Qh8+ 81. Kg1 Qa1+ 82. Kg2 $18) 77. Qc4+ {[%emt 0:01:15] A brilliant game!   Weighted Error Value: White=0.32/Black=0.29 (precise)} 1/2-1/2

[Event "1st FIDE Olympiad DIS 2023"]
[Site "Belgrade"]
[Date "2023.01.30"]
[Round "1.22"]
[White "Ivanovic, Milan"]
[Black "Larduet Despaigne, Carlos"]
[Result "0-1"]
[ECO "D48"]
[WhiteElo "1908"]
[BlackElo "2277"]
[Annotator "TA"]
[PlyCount "54"]
[EventDate "2023.01.30"]
[EventType "team-tourn"]
[EventCountry "SRB"]
[SourceTitle "playchess.com"]
[Source "ChessBase"]
[SourceQuality "1"]
[WhiteTeam "Montenegro"]
[BlackTeam "Cuba"]
[WhiteTeamCountry "MNE"]
[BlackTeamCountry "CUB"]
[TimeControl "40/5400+30:1800+30"]

1. d4 d5 2. c4 c6 3. Nc3 Nf6 4. e3 e6 5. Nf3 Nbd7 6. Bd3 dxc4 7. Bxc4 b5 8. Bd3 Bb7 9. O-O a6 10. b3 c5 11. Bb2 Be7 12. Rc1 O-O 13. Qe2 Qb6 14. Rfd1 Rac8 15. Ng5 {[%emt 0:07:32] [#] D48: Semi-Slav: Meran System: 7...b5 8 Bd3 a6.} h6 $146 ({Predecessor:} 15... Rfd8 16. Nce4 Nxe4 17. Nxe4 f5 18. Nd2 Bf6 19. Nf3 Bxf3 20. Qxf3 cxd4 21. Rxc8 Rxc8 22. exd4 g6 23. Qe2 {½-½ Niebler,A (1771)-Proeschel,G (1835) Mittelfranken-chTB2b 1011 2010 (3.6)}) 16. Nge4 cxd4 17. exd4 {[%emt 0:00:58] Black is slightly better.} Rfe8 (17... Qxd4 $2 18. Nxf6+ (18. Bxb5 Qxd1+ 19. Rxd1 axb5 $18) 18... Qxf6 19. Nd5 Bxd5 20. Bxf6 Nxf6 21. Rxc8 Rxc8 22. Qe1 $18) 18. Bb1 Nxe4 19. Nxe4 Nf6 20. Rxc8 Rxc8 21. Nxf6+ Bxf6 22. Be4 Bxe4 23. Qxe4 Qc7 $40 {[%emt 0:01:28][%mdl 128] Black attacks with force.} 24. Qe2 Qc2 25. Kf1 Bg5 {[%emt 0:05:10] Strongly threatening ...Qxe2+. Black is more active.} 26. g3 $2 (26. Ba3 $17) 26... Qxe2+ $19 {[%emt 0:00:28][%mdl 64] [#] Remove Defender} 27. Kxe2 Rc6 $2 {[%emt 0:00:17][%mdl 32768] Weighted Error Value: White=0.73/Black=0.01 (flawless) . Loss on time!?} ({Black should try} 27... Rc2+ $19 28. Kd3 Rxb2) 0-1